 Dungeon Crawl Stone Soup version 0.23-a0-321-g6bcb69f058 (webtiles) character file.

20 MirrMurr the Poker (level 2, 0/21 HPs)
             Began as an Octopode Berserker on Oct 15, 2018.
             Was a Follower of Trog.
             Succumbed to a kobold's poison
             ... on level 1 of the Dungeon.
             The game lasted 00:02:42 (650 turns).

MirrMurr the Poker (Octopode Berserker)              Turns: 650, Time: 00:02:42

Health: 0/21       AC:  1    Str: 16    XL:     2   Next: 79%
Magic:  2/2        EV: 14    Int:  9    God:    Trog [*.....]
Gold:   39         SH:  0    Dex: 11    Spells: 1/1 levels left

rFire    . . .     SeeInvis .   a - +0 spear
rCold    . . .     Gourm    .   (no shield)
rNeg     . . .     Faith    .   (helmet restricted)
rPois    .         Spirit   .   (no amulet)
rElec    .         Reflect  .   (no ring)
rCorr    .         Harm     .   (no ring)
MR       .....                  (no ring)
Stlth    +++.......             (no ring)
HPRegen  0.07/turn              (no ring)
MPRegen  0.08/turn              (no ring)
                                (no ring)
                                (no ring)

@: lethally poisoned (0 -> -10)
A: almost no armour, stealthy swim, amphibious, 8 rings, constrict 8, camouflage
1, gelatinous body 1
a: Berserk, Renounce Religion


You were on level 1 of the Dungeon.
You worshipped Trog.
Trog was aware of your devotion.
You were not hungry.

You visited 1 branch of the dungeon, and saw 1 of its levels.

You collected 39 gold pieces.

Inventory:

Hand Weapons
 a - a +0 spear (weapon)
Missiles
 d - 23 stones (quivered)
 h - 9 sling bullets
 k - a throwing net {!f}
Jewellery
 i - a +5 amulet of reflection {unknown}
Scrolls
 c - a scroll of identify {unknown}
 e - a scroll of enchant armour {unknown}
 g - 2 scrolls of teleportation {unknown}
 j - a scroll of amnesia {unknown}
 l - a scroll of random uselessness {unknown}
 m - a scroll of immolation {unknown}
Comestibles
 b - 3 rations
 f - 3 chunks of flesh


   Skills:
 + Level 3.2 Fighting
 * Level 3.4 Polearms
 + Level 3.2 Dodging
 + Level 1.3 Stealth


You had one spell level left.
You didn't know any spells.
Your spell library was empty.

Dungeon Overview and Level Annotations

Branches:
Dungeon (1/15)

Altars:
Nemelex Xobeh


Innate Abilities, Weirdness & Mutations

You cannot wear most types of armour.
You are very stealthy in the water. (Stealth+)
You are amphibious.
You can wear up to eight rings at the same time.
You can use your tentacles to constrict eight enemies at once.
Your skin changes colour to match your surroundings (Stealth+).
Your rubbery body absorbs attacks. (AC +1, EV +1)


Message History

You feel sick.
* * * LOW HITPOINT WARNING * * *
You feel sick.
* * * LOW HITPOINT WARNING * * *
You feel sick.
* * * LOW HITPOINT WARNING * * *
You feel sick.
* * * LOW HITPOINT WARNING * * *
You feel sick.
A bat comes into view.
* * * LOW HITPOINT WARNING * * *
You feel sick.
* * * LOW HITPOINT WARNING * * *
You feel sick.
Attack whom?
Press: ? - help, Dir - move target cursor, f - bat
Aim: a bat You hit the bat.
Your grab misses the bat.
The bat is moderately wounded.
You die...

###..(###+## # #...# #.#
##### #...# #.# #....
###########...###.# #....
..................# #....
..................###....
....................'....
.......b..####.##.###....
........@.## #.##.# #....
##########..###.##.#
#....
.............##.##.#
#...⌠
#######......##.##.#
#.... #......##.##.#
#...⌠ ###......##.##.#
#.... ..#......##.##.#
###'# #.#......# #.# #.#
#.#......##. #.# #.#


You could see a bat.

Vanquished Creatures
  An ooze (D:1)
  A leopard gecko (D:1)
  2 hobgoblins (D:1)
  3 kobolds (D:1)
  A ball python (D:1)
  3 bats (D:1)
  A goblin (D:1)
  2 rats (D:1)
14 creatures vanquished.

Notes
Turn   | Place    | Note
-------+----------+-------------------------------------------
     0 | D:1      | MirrMurr the Octopode Berserker began the quest for the
                  | Orb.
     0 | D:1      | Reached XP level 1. HP: 16/16 MP: 1/1
   214 | D:1      | Reached XP level 2. HP: 21/21 MP: 2/2
   312 | D:1      | Reached skill level 1 in Stealth
   554 | D:1      | Found a sparkling altar of Nemelex Xobeh.
   648 | D:1      | HP: 1/21 [poisoned by a kobold]
   650 | D:1      | Succumbed to a kobold's poison

Vault maps used:
D:1:      lightli_arrival_maybe_door_vault, nemelex_xobeh_ov_fountains_minmay

Skill      XL: |  1  2 |
---------------+-------+-----
Stealth        | 1 |  1.3
Fighting       | |  3.2
Polearms       | |  3.4
Dodging        | |  3.2

Action                   || total
-------------------------++-------
Melee: Spear             ||    29
       Tentacles         ||     3
       Constrict         ||     4
 Stab: Sleeping          ||     7
Dodge: Dodged            ||     7

Table legend:
 A = Non-vault XP
 B = Vault XP
 C = Vault XP percentage of total XP
 D = Non-vault monster count
 E = Vault monster count
 F = Vault count percentage of total count
                 A         B        C        D         E       F
            +---------+---------+-------+---------+---------+-------
      Total |      29 |       0 |   0.0 |      14 |       0 |   0.0
            +---------+---------+-------+---------+---------+-------
        D:1 |      29 |       0 |   0.0 |      14 |       0 |   0.0
            +---------+---------+-------+---------+---------+-------
